 Dungeon Crawl Stone Soup version 0.18.1-50-g88ac8fd (webtiles) character file.

20 lorenzova the Sneak (level 2, 0/22 HPs)
             Began as a Naga Enchanter on Oct 11, 2016.
             Slain by an adder (3 damage)
             ... on level 1 of the Dungeon.
             The game lasted 00:01:11 (629 turns).

lorenzova the Sneak (Naga Enchanter)                 Turns: 629, Time: 00:01:11

Health: 0/22       AC:  2    Str: 10    XL:     2   Next: 79%
Magic:  1/5        EV: 10    Int: 15    God:
Gold:   63         SH:  0    Dex: 11    Spells: 2 memorised, 2 levels left

rFire  . . .     SeeInvis +     a - +1 dagger
rCold  . . .     Gourm    .     b - +1 robe
rNeg   . . .     Faith    .     (no shield)
rPois  +         Spirit   .     (no helmet)
rElec  .         Dismiss  .     (no cloak)
rCorr  .         Reflect  .     (no gloves)
SustAt .         Harm     .     (no barding)
MR     .....                    (no amulet)
Stlth  +++.......               (no ring)
                                (no ring)

@: very slightly contaminated, very slow, not resistant to hostile enchantments,
fairly stealthy
A: see invisible, deformed body, poison resistance, slowness 2, slow metabolism
1, spit poison 2, AC +0
a: Spit Poison


You were on level 1 of the Dungeon.
You were not hungry.

You visited 1 branch of the dungeon, and saw 1 of its levels.

You collected 63 gold pieces.

Inventory:

Hand Weapons
 a - a +1 dagger (weapon)
Armour
 b - a +1 robe (worn)
Scrolls
 f - 2 scrolls of amnesia {unknown}
 g - a scroll of fog {unknown}
 h - a scroll of identify {unknown}
Potions
 e - 2 potions of resistance {unknown}
Books
 c - a book of Maledictions

   Spells                             Type                      Level
   a - Corona                         Hexes                        1
   b - Ensorcelled Hibernation        Hexes/Ice                    2
   c - Confuse                        Hexes                        3
   d - Tukima's Dance                 Hexes                        3
   e - Dazzling Spray                 Conjuration/Hexes            3
Comestibles
 d - 2 bread rations


   Skills:
 - Level 1.0 Short Blades
 - Level 1.5 Dodging
 * Level 5.2 Stealth
 + Level 2.2 Spellcasting
 + Level 3.3 Hexes


You had 2 spell levels left.
You knew the following spells:

 Your Spells              Type           Power        Failure   Level  Hunger
a - Corona                Hex            ##.....      8%          1    #......
b - Ensorcelled Hibernat  Hex/Ice        #.....       17%         2    ###....


Dungeon Overview and Level Annotations

Branches:
Dungeon (1/15)

Altars:


Innate Abilities, Weirdness & Mutations

You cannot wear boots.
Your serpentine skin is tough (AC +0).
You have supernaturally acute eyesight.
Armour fits poorly on your strangely shaped body.
Your system is resistant to poisons.
You cover ground very slowly.
You have a slow metabolism.
You can spit poison.


Message History

Confirm with . or Enter, or press ? or * to list all spells.
Aiming: Ensorcelled Hibernation
Press: ? - help, Shift-Dir - straight line, f/p - adder
Aim: an adder (heavily wounded, chance to defeat MR: 47%)
You miscast Ensorcelled Hibernation.
You are very lightly contaminated with residual magic.
A chill runs through your body. The adder closely misses you.
Casting: Ensorcelled Hibernation
Confirm with . or Enter, or press ? or * to list all spells.
You don't have enough magic to cast that spell.
An adder is nearby!
You miss the adder.
The adder is heavily wounded.
The adder bites you.
* * * LOW HITPOINT WARNING * * *
The adder completely misses you.
You hit the adder.
The adder is severely wounded.
The adder bites you.
You die...

#########'###.#.#.## ##≈...≈##^#
#...........# #≈...≈...#
########.....#.##..# #≈.<.≈.###
.............#.##..# #≈...≈...#
.............#..#..# ##≈.[.≈##.#
........#######.#..# #≈♣...♣≈#.#
...................##≈♣⌠♣≈♣⌠♣≈.#
#####..........#...###≈♣≈.≈♣≈#.#
#..........#@.)...#≈...≈...#
#####..........#S.###.##..#....#
....'..........#.># . #..........
#####..........##.#.#............
#####....[.....+..#.#.#.###.####.
....†.##.......#... #... .. .
....#.###........## ....#.#
#...######### ....#.#
#...........#


You could see an adder.

Vanquished Creatures
  2 dart slugs (D:1)
  A bat (D:1)
  2 giant cockroaches (D:1)
  A goblin (D:1)
  3 hobgoblins (D:1)
  2 jackals (D:1)
  A giant newt (D:1)
  A kobold (D:1)
  A rat (D:1)
  2 toadstools (D:1)
16 creatures vanquished.

Vanquished Creatures (others)
  2 toadstools (D:1)
2 creatures vanquished.

Grand Total: 18 creatures vanquished

Notes
Turn   | Place    | Note
--------------------------------------------------------------
     0 | D:1      | lorenzova the Naga Enchanter began the quest for the Orb.
     0 | D:1      | Reached XP level 1. HP: 15/15 MP: 3/3
   359 | D:1      | Reached XP level 2. HP: 19/22 MP: 5/5
   371 | D:1      | Learned a level 2 spell: Ensorcelled Hibernation
   543 | D:1      | Reached skill level 5 in Stealth
   629 | D:1      | Slain by an adder

Skill      XL: |  1  2 |
---------------+-------+-----
Stealth        | 5 |  5.2
Short Blades   | |  1.0
Dodging        | |  1.5
Spellcasting   | |  2.2
Hexes          | |  3.3

Action                   || total
-------------------------++-------
Melee: Dagger            ||    74
 Cast: Ensorcelled Hiber ||     1
 Stab: Sleeping          ||     3
       Distracted        ||     1
Armor: Robe              ||    16
Dodge: Dodged            ||    30
